[Event "Dutch Open-ch 2019"]
[Site "Dieren"]
[Date "2019.07.27"]
[Round "5.17"]
[White "Nair, Sanjeev"]
[Black "Evengroen, Henk-Jan"]
[Result "1-0"]
[ECO "C55"]
[WhiteElo "2045"]
[BlackElo "2176"]
[Annotator "NA"]
[PlyCount "77"]
[EventDate "2019.07.23"]
[EventType "swiss"]
[EventCountry "NED"]
[SourceTitle "playchess.com"]
[Source "ChessBase"]
[SourceQuality "1"]
[TimeControl "40/5400+30:1800+30"]

1. e4 e5 2. Nf3 Nc6 3. Bc4 Nf6 4. d3 Be7 5. O-O O-O 6. Re1 d6 7. a4 Kh8 8. a5 a6 9. c3 Bg4 10. h3 Bh5 11. Nbd2 d5 12. exd5 Nxd5 13. Ne4 b5 14. axb6 Nxb6 15. Rxa6 Nxc4 16. Rxa8 Qxa8 17. dxc4 f5 18. Ng3 Bg6 19. Nxe5 Nxe5 20. Rxe5 Bd6 21. Rd5 f4 22. Nh5 Bf7 23. Rg5 Qe4 24. c5 Be7 25. f3 Qc4 26. Re5 Rd8 27. Qe1 Bxc5+ 28. Kh2 Bd6 29. Re4 Qb5 30. Qh4 Rg8 31. g4 fxg3+ 32. Nxg3 Qf1 33. Be3 g5 34. Bd4+ Rg7 35. Bxg7+ Kg8 36. Qxg5 Qf2+ 37. Kh1 Qxf3+ 38. Kg1 Bg6 39. Qd5+ 1-0

[Event "Dutch Open-ch 2019"]
[Site "Dieren"]
[Date "2019.07.27"]
[Round "5.18"]
[White "Munshi, Aditya"]
[Black "Van Hoorn, Geert"]
[Result "1-0"]
[ECO "B52"]
[WhiteElo "2125"]
[BlackElo "2010"]
[Annotator "NA"]
[PlyCount "74"]
[EventDate "2019.07.23"]
[EventType "swiss"]
[EventCountry "NED"]
[SourceTitle "playchess.com"]
[Source "ChessBase"]
[SourceQuality "1"]
[TimeControl "40/5400+30:1800+30"]

1. e4 c5 2. Nf3 d6 3. Bb5+ Bd7 4. Bxd7+ Qxd7 5. c4 e5 6. Nc3 g6 7. O-O Bg7 8. a3 Ne7 9. b4 O-O 10. bxc5 dxc5 11. d3 Nbc6 12. Nd5 f5 13. Bg5 Nxd5 14. cxd5 Nd4 15. Nxd4 exd4 16. Qb3 fxe4 17. dxe4 b5 18. a4 a6 19. axb5 axb5 20. Rxa8 Rxa8 21. d6+ c4 22. Qb4 Be5 23. Be7 Qc6 24. f4 Bg7 25. f5 gxf5 26. exf5 Ra2 27. Rf2 Ra1+ 28. Rf1 d3 29. Rxa1 Bxa1 30. Qa5 Bd4+ 31. Kf1 Bb6 32. Qd2 Kf7 33. Qg5 d2 34. Qh5+ Kg8 35. Qg5+ Kf7 36. Qh5+ Kg8 37. d7 d1=Q+ 1-0

[Event "Dutch Open-ch 2019"]
[Site "Dieren"]
[Date "2019.07.27"]
[Round "5.19"]
[White "Ypma, Jord"]
[Black "Van Baar, Esper"]
[Result "1/2-1/2"]
[ECO "E62"]
[WhiteElo "1968"]
[BlackElo "2108"]
[Annotator "NA"]
[PlyCount "44"]
[EventDate "2019.07.23"]
[EventType "swiss"]
[EventCountry "NED"]
[SourceTitle "playchess.com"]
[Source "ChessBase"]
[SourceQuality "1"]
[TimeControl "40/5400+30:1800+30"]

1. d4 Nf6 2. c4 g6 3. g3 Bg7 4. Bg2 O-O 5. Nc3 d6 6. Nf3 c6 7. O-O Bf5 8. Ne1 Be6 9. d5 cxd5 10. cxd5 Bd7 11. Nd3 a5 12. a4 Na6 13. Qb3 b6 14. e4 Ng4 15. h3 Ne5 16. Nxe5 Bxe5 17. Bh6 Re8 18. f4 Bd4+ 19. Kh2 Rc8 20. Qd1 Bh8 21. Qf3 Nc5 22. f5 gxf5 1/2-1/2

[Event "Dutch Open-ch 2019"]
[Site "Dieren"]
[Date "2019.07.27"]
[Round "5.20"]
[White "Van Helvoort, Rob"]
[Black "Ochs, Daniel Elias"]
[Result "1/2-1/2"]
[ECO "A47"]
[WhiteElo "2104"]
[BlackElo "2005"]
[Annotator "NA"]
[PlyCount "23"]
[EventDate "2019.07.23"]
[EventType "swiss"]
[EventCountry "NED"]
[SourceTitle "playchess.com"]
[Source "ChessBase"]
[SourceQuality "1"]
[TimeControl "40/5400+30:1800+30"]

1. d4 d5 2. Nf3 Nf6 3. e3 e6 4. Bd3 Be7 5. O-O O-O 6. b3 b6 7. Bb2 Bb7 8. Ne5 Nbd7 9. f4 Ne4 10. Nxd7 Qxd7 11. Nd2 Nxd2 12. Qxd2 1/2-1/2

[Event "Dutch Open-ch 2019"]
[Site "Dieren"]
[Date "2019.07.29"]
[Round "6.1"]
[White "Schoppen, Casper"]
[Black "Beerdsen, Thomas"]
[Result "1-0"]
[ECO "E90"]
[WhiteElo "2493"]
[BlackElo "2497"]
[Annotator "ChessBase"]
[PlyCount "88"]
[EventDate "2019.07.23"]
[EventType "swiss"]
[EventCountry "NED"]
[SourceTitle "playchess.com"]
[Source "ChessBase"]
[SourceQuality "1"]
[TimeControl "40/5400+30:1800+30"]

1. d4 Nf6 2. c4 g6 3. Nc3 Bg7 4. e4 d6 5. h3 O-O 6. Be3 Nc6 7. Nf3 e5 8. d5 Nd4 9. Nxd4 exd4 10. Bxd4 Nxe4 11. Nxe4 Qh4 12. g4 Re8 13. Bg2 Bf5 14. O-O Bxe4 15. Bxg7 Bxg2 16. Kxg2 Kxg7 17. Qd4+ Qf6 18. Qxf6+ Kxf6 19. Rfe1 g5 20. Kg3 Kg6 21. f4 f5 22. fxg5 Kxg5 23. h4+ Kg6 24. g5 Re5 25. Rxe5 dxe5 26. Rd1 Rd8 27. c5 h6 28. gxh6 Kxh6 29. d6 Rg8+ 30. Kf3 cxd6 31. Rxd6+ Kh5 32. Rf6 e4+ 33. Kf4 Rg2 34. Rxf5+ Kxh4 35. b4 Rxa2 36. Rd5 Rf2+ 37. Kxe4 Re2+ 38. Kd3 Re7 39. b5 Kg4 40. Kd4 Kf4 41. c6 b6 42. Rd7 Re4+ 43. Kd5 Re5+ 44. Kd6 Rxb5 1-0

[Event "Dutch Open-ch 2019"]
[Site "Dieren"]
[Date "2019.07.29"]
[Round "6.2"]
[White "Van Foreest, Lucas"]
[Black "David, Alberto"]
[Result "1-0"]
[ECO "B06"]
[WhiteElo "2521"]
[BlackElo "2553"]
[Annotator "ChessBase"]
[PlyCount "61"]
[EventDate "2019.07.23"]
[EventType "swiss"]
[EventCountry "NED"]
[SourceTitle "playchess.com"]
[Source "ChessBase"]
[SourceQuality "1"]
[TimeControl "40/5400+30:1800+30"]

1. e4 g6 2. d4 Bg7 3. Nc3 a6 4. Nf3 d6 5. Qe2 Bg4 6. Be3 c5 7. dxc5 Nc6 8. O-O-O Bxc3 9. bxc3 Qa5 10. cxd6 Qa3+ 11. Kb1 Be6 12. d7+ Kf8 13. Rd5 Nf6 14. Bh6+ Kg8 15. Qc4 Bxd5 16. exd5 Na7 17. Bd3 Rd8 18. Re1 Nb5 19. Ka1 Nxd7 20. Qb3 Qd6 21. c4 Nc7 22. Qb2 f6 23. Qd4 Nc5 24. Qg4 Kf7 25. Bf4 Qd7 26. Qh4 Nxd3 27. cxd3 Nxd5 28. cxd5 Qxd5 29. Bc1 Rd7 30. Bb2 b5 31. Rxe7+ 1-0

[Event "Dutch Open-ch 2019"]
[Site "Dieren"]
[Date "2019.07.29"]
[Round "6.3"]
[White "Pruijssers, Roeland"]
[Black "Buckels, Valentin"]
[Result "1/2-1/2"]
[ECO "B06"]
[WhiteElo "2534"]
[BlackElo "2451"]
[Annotator "ChessBase"]
[PlyCount "74"]
[EventDate "2019.07.23"]
[EventType "swiss"]
[EventCountry "NED"]
[SourceTitle "playchess.com"]
[Source "ChessBase"]
[SourceQuality "1"]
[TimeControl "40/5400+30:1800+30"]

1. e4 e5 2. Nf3 Nc6 3. Bc4 g6 4. O-O Bg7 5. c3 Nf6 6. d4 d6 7. Re1 O-O 8. Nbd2 h6 9. h3 exd4 10. cxd4 d5 11. exd5 Nxd5 12. Ne4 Kh7 13. Bxd5 Qxd5 14. Nc3 Qd8 15. d5 Ne7 16. Qb3 c6 17. dxc6 bxc6 18. Bf4 Be6 19. Qa3 Nd5 20. Be5 Bxe5 21. Rxe5 Nf4 22. Rd1 Qf6 23. Ne4 Qg7 24. Qe3 Nd5 25. Qc5 Rfd8 26. b3 Nf4 27. Rxd8 Rxd8 28. Qe7 Qf8 29. Qh4 Nh5 30. Ra5 Rd1+ 31. Kh2 Bd5 32. g3 Qe8 33. Ra4 Kg8 34. Kg2 f5 35. Nc3 Bxf3+ 36. Kxf3 Rd3+ 37. Kg2 Rxc3 1/2-1/2

[Event "Dutch Open-ch 2019"]
[Site "Dieren"]
[Date "2019.07.29"]
[Round "6.4"]
[White "Odendahl, Reiner"]
[Black "Ikonnikov, Vyacheslav"]
[Result "0-1"]
[ECO "A37"]
[WhiteElo "2352"]
[BlackElo "2499"]
[Annotator "ChessBase"]
[PlyCount "72"]
[EventDate "2019.07.23"]
[EventType "swiss"]
[EventCountry "NED"]
[SourceTitle "playchess.com"]
[Source "ChessBase"]
[SourceQuality "1"]
[TimeControl "40/5400+30:1800+30"]

1. c4 c5 2. g3 g6 3. Bg2 Bg7 4. Nf3 Nc6 5. O-O d6 6. Nc3 e6 7. d3 Nge7 8. Rb1 O-O 9. Bd2 b6 10. a3 Bb7 11. b4 Qd7 12. Qa4 h6 13. Rfc1 g5 14. e3 Rfd8 15. h4 g4 16. Ne1 Ng6 17. Qd1 f5 18. Qe2 Rf8 19. Qf1 Rac8 20. Nb5 Ba8 21. Bc3 e5 22. bxc5 dxc5 23. Ba1 f4 24. Bd5+ Kh8 25. Qe2 f3 26. Qc2 Nge7 27. Be4 Nf5 28. Bxf5 Rxf5 29. Nc3 Rf7 30. Ne4 Ne7 31. Rd1 Nf5 32. Qb3 Rcf8 33. Nc2 Nxh4 34. gxh4 g3 35. Nxg3 Qh3 36. Ne1 Qxg3+ 0-1

[Event "Dutch Open-ch 2019"]
[Site "Dieren"]
[Date "2019.07.29"]
[Round "6.5"]
[White "Reinderman, Dimitri"]
[Black "Das, Arghyadip"]
[Result "1/2-1/2"]
[ECO "A30"]
[WhiteElo "2583"]
[BlackElo "2439"]
[Annotator "ChessBase"]
[PlyCount "144"]
[EventDate "2019.07.23"]
[EventType "swiss"]
[EventCountry "NED"]
[SourceTitle "playchess.com"]
[Source "ChessBase"]
[SourceQuality "1"]
[TimeControl "40/5400+30:1800+30"]

1. c4 Nf6 2. Nf3 b6 3. g3 Bb7 4. Bg2 c5 5. O-O g6 6. d4 cxd4 7. Qxd4 Bg7 8. Nc3 d6 9. Rd1 Nbd7 10. Be3 Rc8 11. Rac1 O-O 12. Qh4 Re8 13. Bh3 Bxf3 14. exf3 Ne5 15. Bg2 Nxc4 16. b3 Nxe3 17. fxe3 Qd7 18. Qa4 Rc5 19. Qxd7 Nxd7 20. Ne4 Rcc8 21. Bf1 Red8 22. b4 Bb2 23. Rb1 Bg7 24. Rbc1 Nb8 25. f4 Bb2 26. Rb1 Bg7 27. Rbc1 Bf8 28. Nc3 e6 29. Nb5 Nc6 30. a3 a6 31. Nd4 Nb8 32. Bh3 Kh8 33. e4 Bg7 34. Nf3 Rc6 35. Rxc6 Nxc6 36. Rc1 Nd4 37. Kf2 Nxf3 38. Kxf3 Bb2 39. Rc6 Rb8 40. a4 Ba3 41. Bf1 a5 42. bxa5 bxa5 43. Bb5 Rb7 44. g4 Kg7 45. Rc8 Bc5 46. h3 Bb4 47. Ke2 Re7 48. Kf3 Bc5 49. Rc6 Bb4 50. Rc8 h6 51. h4 Be1 52. h5 gxh5 53. gxh5 Bb4 54. Kg4 Kf6 55. Bc6 Ra7 56. Bb5 Ba3 57. Bc6 Bb2 58. Bb5 Kg7 59. Bc6 Bf6 60. Kf3 Bb2 61. Kg4 Re7 62. Kf3 Ba3 63. Kg4 Bb4 64. Kf3 f5 65. exf5 exf5 66. Bd5 Bc5 67. Rg8+ Kh7 68. Rf8 Re3+ 69. Kg2 Re2+ 70. Kf3 Re3+ 71. Kg2 Re2+ 72. Kf3 Re3+ 1/2-1/2

[Event "Dutch Open-ch 2019"]
[Site "Dieren"]
[Date "2019.07.29"]
[Round "6.6"]
[White "Hausrath, Daniel"]
[Black "Maris, Ivo"]
[Result "1/2-1/2"]
[ECO "E60"]
[WhiteElo "2468"]
[BlackElo "2399"]
[Annotator "ChessBase"]
[PlyCount "61"]
[EventDate "2019.07.23"]
[EventType "swiss"]
[EventCountry "NED"]
[SourceTitle "playchess.com"]
[Source "ChessBase"]
[SourceQuality "1"]
[TimeControl "40/5400+30:1800+30"]

1. Nf3 d6 2. d4 g6 3. g3 Bg7 4. Bg2 Nf6 5. O-O O-O 6. b3 a5 7. Bb2 c6 8. c4 Nbd7 9. Nc3 e5 10. dxe5 dxe5 11. Qc2 Re8 12. Rad1 Qc7 13. Ba3 Bf8 14. Bxf8 Nxf8 15. Na4 e4 16. Nd4 e3 17. f3 h5 18. Qc3 N8h7 19. Rd3 h4 20. Rxe3 Rxe3 21. Qxe3 hxg3 22. hxg3 Qxg3 23. Qf2 Qe5 24. e3 Bd7 25. Nb6 Re8 26. Re1 Qc5 27. Nxd7 Nxd7 28. f4 Ndf6 29. Bf3 Ne4 30. Bxe4 Rxe4 31. Kg2 1/2-1/2

[Event "Dutch Open-ch 2019"]
[Site "Dieren"]
[Date "2019.07.29"]
[Round "6.7"]
[White "Bosboom, Manuel"]
[Black "Lai, Hing Ting"]
[Result "1-0"]
[ECO "A30"]
[WhiteElo "2418"]
[BlackElo "2460"]
[Annotator "ChessBase"]
[PlyCount "103"]
[EventDate "2019.07.23"]
[EventType "swiss"]
[EventCountry "NED"]
[SourceTitle "playchess.com"]
[Source "ChessBase"]
[SourceQuality "1"]
[TimeControl "40/5400+30:1800+30"]

1. c4 e6 2. Nf3 c5 3. g3 b6 4. Bg2 Bb7 5. O-O Nf6 6. Nc3 Be7 7. Re1 O-O 8. e4 d6 9. d4 cxd4 10. Nxd4 Qc7 11. Ndb5 Qc6 12. Bf4 Rd8 13. Rc1 Bf8 14. Qe2 a6 15. Nd4 Qc8 16. Be3 Nbd7 17. b4 g6 18. h3 Re8 19. Nb3 Qc7 20. a4 Rac8 21. a5 bxa5 22. Nxa5 Ba8 23. Bd4 h5 24. Na4 h4 25. g4 Bh6 26. Be3 Bxe3 27. Qxe3 Rb8 28. Qd2 Nf8 29. c5 d5 30. e5 Ne4 31. Bxe4 dxe4 32. Qd6 Qa7 33. c6 Red8 34. Qc5 Qc7 35. Rxe4 Rd3 36. Re3 Rd5 37. Qc3 Rbb5 38. Nb2 Rxe5 39. Rxe5 Rxe5 40. Nbc4 Rd5 41. Ne3 Rb5 42. Rd1 Rb8 43. Nec4 Rc8 44. Rd6 Qb8 45. Rd2 Nh7 46. Nd6 Rc7 47. Qc5 Nf6 48. Qe5 Bxc6 49. Qxf6 Bd5 50. Rd1 Rd7 51. Ne4 Qxb4 52. Rc1 1-0

[Event "Dutch Open-ch 2019"]
[Site "Dieren"]
[Date "2019.07.29"]
[Round "6.8"]
[White "Sharma, Dinesh K."]
[Black "Vrolijk, Liam"]
[Result "1/2-1/2"]
[ECO "C78"]
[WhiteElo "2299"]
[BlackElo "2478"]
[Annotator "ChessBase"]
[PlyCount "89"]
[EventDate "2019.07.23"]
[EventType "swiss"]
[EventCountry "NED"]
[SourceTitle "playchess.com"]
[Source "ChessBase"]
[SourceQuality "1"]
[TimeControl "40/5400+30:1800+30"]

1. e4 e5 2. Nf3 Nc6 3. Bb5 a6 4. Ba4 Nf6 5. O-O b5 6. Bb3 Bc5 7. d3 d6 8. a4 Rb8 9. axb5 axb5 10. c3 h6 11. d4 Bb6 12. dxe5 Nxe5 13. Nxe5 dxe5 14. Qxd8+ Kxd8 15. Nd2 Ke7 16. h3 Be6 17. Bc2 Nd7 18. Re1 Rhd8 19. Nb3 c5 20. Be3 c4 21. Bxb6 Rxb6 22. Nd2 Nc5 23. Nf3 Kf6 24. Red1 Rxd1+ 25. Rxd1 b4 26. cxb4 Rxb4 27. Rb1 Bd7 28. Nd2 Ne6 29. Bd1 Nd4 30. Kf1 Ke7 31. Ke1 f6 32. Rc1 Be6 33. h4 g5 34. hxg5 hxg5 35. Rc3 Kd6 36. Rc1 Bf7 37. Rc3 Kc5 38. b3 Nb5 39. Rc1 c3 40. Be2 Kb6 41. Nb1 Nd4 42. Nxc3 Bxb3 43. Bd1 Bc4 44. Na4+ Kb5 45. Nc3+ 1/2-1/2

[Event "Dutch Open-ch 2019"]
[Site "Dieren"]
[Date "2019.07.29"]
[Round "6.9"]
[White "Lahaye, Rick"]
[Black "Wedda, Dries"]
[Result "1-0"]
[ECO "A00"]
[WhiteElo "2421"]
[BlackElo "2234"]
[Annotator "NA"]
[PlyCount "93"]
[EventDate "2019.07.23"]
[EventType "swiss"]
[EventCountry "NED"]
[SourceTitle "playchess.com"]
[Source "ChessBase"]
[SourceQuality "1"]
[TimeControl "40/5400+30:1800+30"]

1. d3 c5 2. f4 g6 3. c4 Bg7 4. g3 Nc6 5. Bg2 d6 6. Nh3 h5 7. Nf2 Nh6 8. Nd2 $17 h4 9. e4 Bd4 10. Nf3 Bxf2+ 11. Kxf2 Ng4+ 12. Ke2 h3 13. Bf1 Nd4+ 14. Nxd4 cxd4 15. Ke1 Bd7 16. Be2 Qc8 17. b3 a5 18. Bd2 Nh6 19. Qc1 Bg4 20. Qb2 Qc5 21. b4 axb4 22. Bxb4 Qb6 23. a4 e5 24. a5 Qc6 25. fxe5 dxe5 26. Bd2 Bxe2 27. Kxe2 Ng4 28. Rab1 Rb8 29. Qa3 Ra8 30. Rb5 Qf6 31. Rf1 Qe6 32. Rxb7 Nxh2 33. Qa4+ Kf8 34. Rfxf7+ Qxf7 35. Bb4+ Kg8 36. Rxf7 Kxf7 37. Qd7+ Kg8 38. Qe6+ Kg7 39. Qxe5+ Kg8 40. Qd5+ Kg7 41. Qxd4+ Kh6 42. Bd2+ g5 43. Qf6+ Kh7 44. Qf5+ Kg7 45. Bc3+ Kh6 46. Qxh3+ Kg6 47. Bxh8 1-0

[Event "Dutch Open-ch 2019"]
[Site "Dieren"]
[Date "2019.07.29"]
[Round "6.10"]
[White "Maatman, Nick"]
[Black "Munshi, Aditya"]
[Result "1-0"]
[ECO "C00"]
[WhiteElo "2407"]
[BlackElo "2125"]
[Annotator "NA"]
[PlyCount "93"]
[EventDate "2019.07.23"]
[EventType "swiss"]
[EventCountry "NED"]
[SourceTitle "playchess.com"]
[Source "ChessBase"]
[SourceQuality "1"]
[TimeControl "40/5400+30:1800+30"]

1. Nf3 Nf6 2. g3 d5 3. Bg2 e6 4. O-O Be7 5. d3 c5 6. Nbd2 Nc6 7. e4 b6 8. Re1 Bb7 $11 9. c3 Qc7 10. Qe2 O-O 11. e5 Nd7 12. Nf1 b5 13. h4 h6 14. Bf4 a5 15. N3d2 b4 16. c4 Nd4 17. Qg4 dxc4 18. dxc4 Bxg2 19. Kxg2 Qc6+ 20. f3 Kh7 21. Ne4 f5 22. exf6 Nxf6 23. Nxf6+ Bxf6 24. Nd2 Rad8 25. Rad1 e5 26. Be3 Rfe8 27. Bf2 Kh8 28. Ne4 Nc2 29. Rf1 Rd4 30. Rc1 b3 31. axb3 Nb4 32. Bxd4 exd4 33. Qg6 Re6 34. Kh2 Bxh4 35. Qf5 Be7 36. Ra1 Nc2 37. Rxa5 Ne3 38. Qh3 Rxe4 39. fxe4 Qxe4 40. Raa1 Ng4+ 41. Kg1 Bg5 42. Qg2 Be3+ 43. Kh1 Qg6 44. Qd5 Nf6 45. Rxf6 Qxf6 46. Ra8+ Kh7 47. Qe4+ 1-0

[Event "Dutch Open-ch 2019"]
[Site "Dieren"]
[Date "2019.07.29"]
[Round "6.11"]
[White "Neelotpal, Das"]
[Black "Mohite, Ranveer"]
[Result "0-1"]
[ECO "B69"]
[WhiteElo "2406"]
[BlackElo "2229"]
[Annotator "NA"]
[PlyCount "80"]
[EventDate "2019.07.23"]
[EventType "swiss"]
[EventCountry "NED"]
[SourceTitle "playchess.com"]
[Source "ChessBase"]
[SourceQuality "1"]
[TimeControl "40/5400+30:1800+30"]

1. e4 c5 2. Nf3 d6 3. d4 cxd4 4. Nxd4 Nf6 5. Nc3 Nc6 6. Bg5 e6 7. Qd2 a6 8. O-O-O Bd7 9. f4 Be7 10. Nf3 b5 11. Bxf6 gxf6 12. Kb1 Qb6 13. f5 O-O-O 14. g3 Kb8 15. Bh3 Bc8 16. fxe6 fxe6 17. Qh6 $14 Qc5 18. Rhf1 Rhg8 19. Qd2 Bf8 20. Ne1 Qh5 21. Qg2 b4 22. Ne2 Bg7 23. Nd3 Qb5 24. Nef4 Rge8 25. Bg4 Re7 26. Qd2 a5 27. Nh5 Bh8 28. Be2 Nd4 29. Nxf6 Rc7 30. Rc1 Ba6 31. Bd1 Rdc8 32. Rf2 b3 33. c4 bxa2+ 34. Kxa2 Rxc4 35. e5 dxe5 36. Nxe5 Rxc1 37. Qxd4 Bxf6 38. Nd7+ Ka8 39. Nb6+ Kb7 40. Rxf6 Qxb6 0-1

[Event "Dutch Open-ch 2019"]
[Site "Dieren"]
[Date "2019.07.29"]
[Round "6.12"]
[White "Konings, Frans"]
[Black "Zwirs, Nico"]
[Result "0-1"]
[ECO "D94"]
[WhiteElo "2208"]
[BlackElo "2380"]
[Annotator "NA"]
[PlyCount "74"]
[EventDate "2019.07.23"]
[EventType "swiss"]
[EventCountry "NED"]
[SourceTitle "playchess.com"]
[Source "ChessBase"]
[SourceQuality "1"]
[TimeControl "40/5400+30:1800+30"]

1. d4 d5 2. c4 c6 3. Nf3 Nf6 4. e3 g6 5. Bd3 Bg7 6. O-O O-O 7. Nc3 dxc4 8. Bxc4 b5 9. Be2 Nbd7 10. a4 b4 11. Na2 a5 12. Bd2 c5 13. Nc1 Qb6 14. Nb3 Bb7 15. Bc4 Rac8 $17 16. Rc1 Ne4 17. Qe2 Nd6 18. Bb5 Bxf3 19. gxf3 Nxb5 20. Qxb5 Qxb5 21. axb5 cxd4 22. Nxa5 Rb8 23. exd4 Rxb5 24. Nc6 Re8 25. Rc4 b3 26. Ra1 Bf6 27. Ra7 Nb6 28. Rc1 Nd5 29. Bh6 Bg7 30. Bxg7 Kxg7 31. Rc5 Rxc5 32. dxc5 Nf4 33. Nxe7 Kf8 34. Ra4 g5 35. h4 Rxe7 36. hxg5 Nd3 37. c6 Rc7 0-1

[Event "Dutch Open-ch 2019"]
[Site "Dieren"]
[Date "2019.07.29"]
[Round "6.13"]
[White "Vogel, Jaap"]
[Black "Ashwath, R.."]
[Result "1/2-1/2"]
[ECO "D00"]
[WhiteElo "2126"]
[BlackElo "2365"]
[Annotator "ChessBase"]
[PlyCount "37"]
[EventDate "2019.07.23"]
[EventType "swiss"]
[EventCountry "NED"]
[SourceTitle "playchess.com"]
[Source "ChessBase"]
[SourceQuality "1"]
[TimeControl "40/5400+30:1800+30"]

1. d4 d5 2. Bf4 Nf6 3. e3 e6 4. Nd2 Bd6 5. Bg3 O-O 6. c4 b6 7. Ngf3 Bb7 8. Rc1 Ne4 9. Bd3 f5 10. Qc2 Nd7 11. cxd5 exd5 12. Bxd6 cxd6 13. O-O Ndf6 14. Qc7 Rf7 15. Qxd8+ Rxd8 16. Rc2 h6 17. h3 g5 18. Rfc1 a6 19. a4 1/2-1/2

[Event "Dutch Open-ch 2019"]
[Site "Dieren"]
[Date "2019.07.29"]
[Round "6.14"]
[White "Baselmans, Sam"]
[Black "Grooten, Herman"]
[Result "1-0"]
[ECO "B25"]
[WhiteElo "2064"]
[BlackElo "2310"]
[Annotator "NA"]
[PlyCount "85"]
[EventDate "2019.07.23"]
[EventType "swiss"]
[EventCountry "NED"]
[SourceTitle "playchess.com"]
[Source "ChessBase"]
[SourceQuality "1"]
[TimeControl "40/5400+30:1800+30"]

1. e4 c5 2. Nc3 Nc6 3. g3 g6 4. Bg2 Bg7 5. d3 d6 6. f4 e5 7. Nh3 Nge7 8. O-O O-O 9. f5 f6 10. g4 Nd4 11. Ne2 Nxe2+ 12. Qxe2 g5 13. Be3 Nc6 14. c3 b5 15. Qd2 $14 Rf7 16. Rf3 b4 17. Kh1 bxc3 18. bxc3 h6 19. Ng1 Rb8 20. h4 Rfb7 21. Nh3 Rb2 22. Qc1 Qa5 23. hxg5 Rxa2 24. Rxa2 Qxa2 25. Rf2 Qb1 26. gxh6 Qxc1+ 27. Bxc1 Rb1 28. Rf1 Bf8 29. Be3 Rb3 30. Rg1 Rxc3 31. Bf1 Ba6 32. g5 Bxd3 33. gxf6+ Kh8 34. Bxd3 Rxd3 35. f7 Ne7 36. Rg3 Rxe3 37. Rxe3 Bxh6 38. Rg3 Kh7 39. f6 Ng6 40. Ng5+ Bxg5 41. Rxg5 Nf8 42. Rg8 Ne6 43. Re8 1-0

[Event "Dutch Open-ch 2019"]
[Site "Dieren"]
[Date "2019.07.29"]
[Round "6.15"]
[White "Kolbus, Dietmar"]
[Black "Nair, Sanjeev"]
[Result "1-0"]
[ECO "E83"]
[WhiteElo "2281"]
[BlackElo "2045"]
[Annotator "ChessBase"]
[PlyCount "57"]
[EventDate "2019.07.23"]
[EventType "swiss"]
[EventCountry "NED"]
[SourceTitle "playchess.com"]
[Source "ChessBase"]
[SourceQuality "1"]
[TimeControl "40/5400+30:1800+30"]

1. c4 Nf6 2. Nc3 g6 3. e4 d6 4. d4 Bg7 5. Bd3 O-O 6. Nge2 Nc6 7. f3 e5 8. d5 Nd4 9. Be3 Nh5 10. Nb5 Nxe2 11. Bxe2 a6 12. Nc3 Nf4 13. Bf1 c6 14. Qd2 cxd5 15. Nxd5 Be6 16. Nb6 f5 17. Nxa8 Qxa8 18. g3 Nh5 19. Qxd6 Qc8 20. exf5 gxf5 21. O-O-O f4 22. gxf4 exf4 23. Bc5 Nf6 24. Rg1 Kh8 25. Rxg7 Kxg7 26. Qxf8+ Qxf8 27. Bxf8+ Kxf8 28. Rd4 Nh5 29. Bd3 1-0

[Event "Dutch Open-ch 2019"]
[Site "Dieren"]
[Date "2019.07.29"]
[Round "6.16"]
[White "Ojas Kulkarni"]
[Black "Ypma, Jord"]
[Result "1-0"]
[ECO "E02"]
[WhiteElo "2251"]
[BlackElo "1968"]
[Annotator "NA"]
[PlyCount "83"]
[EventDate "2019.07.23"]
[EventType "swiss"]
[EventCountry "NED"]
[SourceTitle "playchess.com"]
[Source "ChessBase"]
[SourceQuality "1"]
[TimeControl "40/5400+30:1800+30"]

1. c4 Nf6 2. g3 c6 3. Nf3 d5 4. Bg2 Bg4 5. Ne5 Be6 6. cxd5 Bxd5 7. Nf3 c5 8. O-O e6 9. Nc3 Bc6 10. d4 Nbd7 11. Re1 cxd4 12. Nxd4 Bxg2 13. Kxg2 Bc5 14. Nb3 Be7 15. e4 Ne5 16. Qe2 $14 Qd3 17. f4 Qxe2+ 18. Rxe2 Nc6 19. e5 Nd7 20. Be3 O-O-O 21. Rc1 Kb8 22. Ne4 Rc8 23. Rd2 Rhd8 24. Rcd1 Nb6 25. Rxd8 Nxd8 26. Bxb6 axb6 27. Nd4 Nc6 28. Nb5 Rd8 29. Rxd8+ Nxd8 30. Ned6 Bxd6 31. Nxd6 Kc7 32. Ne8+ Kd7 33. Nxg7 Nc6 34. Nh5 h6 35. Nf6+ Ke7 36. Ng8+ Kf8 37. Nxh6 Nb4 38. Ng4 Nxa2 39. Nf6 b5 40. Nd7+ Ke7 41. Nc5 b6 42. Nd3 1-0

[Event "Dutch Open-ch 2019"]
[Site "Dieren"]
[Date "2019.07.29"]
[Round "6.17"]
[White "Goswami, Vedant"]
[Black "Elgersma, Onno"]
[Result "1-0"]
[ECO "B14"]
[WhiteElo "2046"]
[BlackElo "2232"]
[Annotator "NA"]
[PlyCount "63"]
[EventDate "2019.07.23"]
[EventType "swiss"]
[EventCountry "NED"]
[SourceTitle "playchess.com"]
[Source "ChessBase"]
[SourceQuality "1"]
[TimeControl "40/5400+30:1800+30"]

1. d4 Nf6 2. Nf3 d5 3. e3 c5 4. c4 cxd4 5. exd4 g6 6. Nc3 Bg7 7. Qb3 O-O 8. cxd5 a5 9. Bb5 Na6 10. Bf4 Nb4 11. O-O Nbxd5 $11 12. Be5 Nb6 13. Qa3 Be6 14. Ng5 Bc4 15. Rfe1 h6 16. Nf3 Bxb5 17. Nxb5 Qd7 18. Nc7 Rac8 19. Rac1 a4 20. Rc5 Rfd8 21. h3 Nbd5 22. Rec1 b6 23. R5c2 b5 24. b3 axb3 25. Qxb3 e6 26. Nxb5 Rxc2 27. Rxc2 Rc8 28. a4 Kh7 29. Rxc8 Qxc8 30. Nd6 Qc1+ 31. Kh2 Ne4 32. Nxe4 1-0

[Event "Dutch Open-ch 2019"]
[Site "Dieren"]
[Date "2019.07.29"]
[Round "6.18"]
[White "Van Baar, Esper"]
[Black "Ochs, Daniel Elias"]
[Result "1/2-1/2"]
[ECO "C03"]
[WhiteElo "2108"]
[BlackElo "2005"]
[Annotator "NA"]
[PlyCount "113"]
[EventDate "2019.07.23"]
[EventType "swiss"]
[EventCountry "NED"]
[SourceTitle "playchess.com"]
[Source "ChessBase"]
[SourceQuality "1"]
[TimeControl "40/5400+30:1800+30"]

1. e4 e6 2. d4 d5 3. Nd2 Be7 4. Bd3 c5 5. exd5 Qxd5 6. dxc5 Qxg2 7. Be4 Qg5 8. Nb3 Qe5 9. Qe2 Nf6 10. Bg2 Qc7 11. Be3 O-O 12. O-O-O a5 13. a4 Na6 14. Qc4 e5 15. Qb5 Ng4 16. c6 Nxe3 17. fxe3 Nb4 18. Nf3 Qxc6 19. Qxc6 Nxc6 20. Rd5 f6 21. Rhd1 Be6 22. Rb5 Ra7 23. Ne1 Rc8 24. Kb1 Kf7 25. Nd3 Bxb3 26. Rxb3 Nb4 27. c3 Nxd3 28. Rxd3 Rc7 29. Rb5 Bc5 30. b4 axb4 31. cxb4 Be7 32. a5 g5 33. Kb2 f5 34. Rc3 Rd7 35. Bd5+ Rxd5 36. Rxd5 Bxb4 37. Rc7+ Ke6 38. Rb5 Bxa5 39. Rcc5 Bd8 40. Rxe5+ Kf7 41. Rxf5+ Bf6+ 42. Kb3 Ra6 43. e4 Kg6 44. Rfd5 Re6 45. e5 Bh8 46. Kc4 Kf5 47. Kd4 b6 48. Rd8 Bg7 49. Rg8 Re7 50. Rxg7 Rxg7 51. Rxb6 Rd7+ 52. Rd6 Rxd6+ 53. exd6 Ke6 54. Kc5 Kd7 55. Kd5 h5 56. Ke5 g4 57. Kf4 1/2-1/2